 Dungeon Crawl Stone Soup version 0.17.0-24-gcfadda4 (console) character file.

9889 Kramin the Basher (level 11, 0/64 HPs)
             Began as a Tengu Arcane Marksman on Nov 16, 2015.
             Was an Elder of Cheibriados.
             Slain by a hill giant
             ... wielding a +0 giant club
              (40 damage)
             ... on level 10 of the Dungeon.
             The game lasted 00:51:39 (17272 turns).

Kramin the Basher (Tengu Arcane Marksman)          Turns: 17272, Time: 00:51:39

Health: 0/64       AC: 13    Str: 21    XL:     11   Next: 53%
Magic:  2/19       EV: 20    Int: 25    God:    Cheibriados [****..]
Gold:   86         SH:  6    Dex: 23    Spells: 3 memorised, 13 levels left

rFire  . . .     SeeInvis .     a - +2 morningstar (protect)
rCold  . . .     Clarity  .     I - +1 ring mail {rN+}
rNeg   + . .     SustAt   .     w - +0 buckler
rPois  .         Gourm    .     (helmet restricted)
rElec  .         Spirit   .     r - +1 cloak
rCorr  .         Warding  .     (no gloves)
rMut   +         Stasis   .     (boots unavailable)
MR     .....                    g - amulet of resist mutation
Stlth  +.........               (no ring)
                                (no ring)

@: very slow, not resistant to hostile enchantments, very unstealthy
A: beak, talons 3, able to fly 1
a: Fly, Bend Time, Temporal Distortion, Slouch, Renounce Religion


You were on level 10 of the Dungeon.
You worshipped Cheibriados.
Cheibriados was greatly pleased with you.
You were not hungry.

You visited 2 branches of the dungeon, and saw 11 of its levels.

You collected 474 gold pieces.
You spent 388 gold pieces at shops.

Inventory:

Hand Weapons
 a - a +2 morningstar of protection (weapon)
 b - a cursed +0 blowgun
Missiles
 c - 7 javelins (quivered)
 m - 4 curare-tipped needles
 s - 4 tomahawks of returning
Armour
 r - a +1 cloak (worn)
 w - a +0 buckler (worn)
 I - a +1 ring mail of positive energy (worn)
Jewellery
 g - an amulet of resist mutation (around neck)
 G - an uncursed amulet of guardian spirit
Scrolls
 i - 3 scrolls of enchant armour
 o - 2 scrolls of recharging
 p - 2 scrolls of noise
 t - a scroll of remove curse
 u - 4 scrolls of teleportation
 v - a scroll of vulnerability
 x - a scroll of amnesia
 y - a scroll of immolation {unknown}
 A - a scroll of silence {unknown}
 D - a scroll of blinking {unknown}
 E - a scroll of brand weapon {unknown}
Potions
 f - 2 potions of haste
 h - a potion of brilliance
 j - 2 potions of agility
 l - a potion of magic
 C - 3 potions of flight
 F - 2 potions of resistance {unknown}
Books
 d - a book of Debilitation

   Spells                             Type                      Level
   a - Corona                         Hexes                        1
   b - Slow                           Hexes                        2
   c - Gell's Gravitas                Hexes/Translocation          3
   d - Inner Flame                    Hexes/Fire                   3
   e - Cause Fear                     Hexes                        4
   f - Leda's Liquefaction            Hexes/Earth                  4
 B - a book of Conjurations

   Spells                             Type                      Level
   a - Magic Dart                     Conjuration                  1
   b - Searing Ray                    Conjuration                  2
   c - Dazzling Spray                 Conjuration/Hexes            3
   d - Fulminant Prism                Conjuration/Hexes            4
   e - Iskenderun's Mystic Blast      Conjuration                  4
   f - Iskenderun's Battlesphere      Conjuration/Charms           5
Comestibles
 e - 8 bread rations
 k - 3 beef jerkies
 n - 2 meat rations
 z - 3 fruits
 H - 7 slices of pizza


   Skills:
 - Level 6.2 Fighting
 - Level 10.0 Maces & Flails
 - Level 2.0 Throwing
 - Level 1.0 Armour
 + Level 9.9 Dodging
 - Level 5.0 Shields
 + Level 5.2 Spellcasting
 + Level 9.1 Conjurations
 - Level 2.1 Hexes
 + Level 2.0 Invocations


You had 13 spell levels left.
You knew the following spells:

 Your Spells              Type           Power        Failure   Level  Hunger
a - Corona                Hex            ###....      6%          1    None
c - Searing Ray           Conj           ######       1%          2    None
d - Fulminant Prism       Conj/Hex       ####......   17%         4    ###....


Dungeon Overview and Level Annotations

Branches:
Dungeon (10/15)            Temple (1/1) D:6             Orc (0/4) D:9
   Lair: D:8-11

Altars:
Ashenzari
Cheibriados
Dithmenos
Elyvilon
Fedhas
Gozag
Kikubaaqudgha
Makhleb
Nemelex Xobeh
Okawaru
Qazlal
Ru
Sif Muna
Trog
Vehumet
Xom
Yredelemnul
Zin
The Shining One

Shops:
D:5 :   D:8 (

Annotations:
D:3 Simboubou's ghost, amateur MiBe
D:7 krfreak's ghost, novice TrMo


Innate Abilities, Weirdness & Mutations

You have a beak for a mouth.
You have claws for feet.
You can fly.


Message History

You hear a roar!
The searing ray hits the hill giant.
The hill giant is moderately wounded.
The hill giant closely misses you.
The searing ray hits the hill giant.
The hill giant is heavily wounded.
The searing ray misses the hell rat.
The hill giant misses you.
You hit the hill giant. You claw the hill giant.
Your peck misses the hill giant.
The hill giant is severely wounded.
You barely miss the hill giant. You claw the hill giant.
You peck the hill giant.
The hill giant is severely wounded.
You block the hill giant's attack.
You barely miss the hill giant.
You claw the hill giant, but do no damage.
The hill giant is severely wounded.
The hill giant hits you with a giant club!!!
Ouch! That really hurt!
You die...

...>..# ###.....# ##'######
#'##### ##+#### #...### #.# #.#
###...# ..# #.## #######.## .##
#..# #........# .#### ##.#
#..C.....# ....#########.###
#........#
...........>....######........##
....#########.#.@Cr....)........#
....# #.########........#.# ....#
#..# #........#.. ....# ##.#
#........# # ....# #.# #........#
....# #.# #........# ....# #.#
#........# ##### #.# ###..##### #
#.#


You could see a hill giant and a hell rat.

Vanquished Creatures
  Pikel (D:4)
  A hill giant (D:10)
  2 trolls
  A human (D:8)
  A deep elf mage (D:9)
  A wyvern (D:8)
  12 yaks
  2 hippogriffs
  Edmund (D:4)
  4 orc warriors
  3 water moccasins
  A phantom (D:5)
  4 ice beasts
  The ghost of Simboubou the Chopper, an amateur MiBe of Trog (D:5)
  An eye of draining (D:8)
  2 sky beasts
  5 ogres
  5 centaurs
  A crocodile (D:9)
  6 big kobolds (D:9)
  12 giant frogs
  3 gnoll sergeants (D:9)
  8 killer bees
  3 scorpions (D:4)
  A giant frog zombie (D:8)
  6 jellies
  4 crimson imps
  6 orc priests
  4 hounds
  A wasp zombie (D:6)
  A giant frog skeleton (D:8)
  4 iguanas
  10 orc wizards
  A hell rat (D:10)
  3 sheep (D:8)
  10 worker ants
  A killer bee zombie (D:7)
  A hound skeleton (D:5)
  2 hound zombies
  A worker ant zombie (D:8)
  8 gnolls
  11 adders
  2 shadow imps
  An ooze (D:6)
  An adder skeleton (D:5)
  9 giant geckos
  37 orcs
  6 bats
  7 goblins
  10 hobgoblins
  10 jackals
  2 ball pythons
  4 giant cockroaches
  11 giant newts
  16 kobolds
  3 quokkas
  A quokka zombie (D:8)
  16 rats
292 creatures vanquished.

Vanquished Creatures (others)
  A giant frog zombie (D:4)
  An orc wizard (D:4)
  An orc (D:4)
  3 fulminant prisms (D:10)
6 creatures vanquished.

Grand Total: 298 creatures vanquished

Notes
Turn   | Place    | Note
--------------------------------------------------------------
     0 | D:1      | Kramin the Tengu Arcane Marksman began the quest for the Orb.
     0 | D:1      | Reached XP level 1. HP: 12/12 MP: 3/3
   259 | D:1      | Reached skill level 1 in Maces & Flails
   259 | D:1      | Reached XP level 2. HP: 10/16 MP: 4/4
   776 | D:1      | Reached skill level 1 in Armour
  1435 | D:2      | Reached XP level 3. HP: 17/21 MP: 5/5
  2221 | D:2      | Reached XP level 4. HP: 23/26 MP: 6/6
  2454 | D:3      | Noticed Simboubou's ghost (amateur MiBe)
  2598 | D:3      | Reached skill level 3 in Dodging
  2628 | D:3      | Found a shadowy altar of Dithmenos.
  3002 | D:3      | Found a shimmering altar of Xom.
  3549 | D:3      | Gained mutation: You can fly. [Tengu growth]
  3549 | D:3      | Reached XP level 5. HP: 23/32 MP: 7/7
  3710 | D:3      | Found an opulent altar of Gozag.
  3711 | D:3      | Found a glowing silver altar of Zin.
  3771 | D:4      | Noticed a slave
  3771 | D:4      | Noticed a slave
  3772 | D:4      | Noticed Pikel
  3772 | D:4      | Noticed a slave
  3773 | D:4      | Noticed a slave
  4487 | D:4      | Killed Pikel
  4487 | D:4      | Reached skill level 4 in Fighting
  4487 | D:4      | Reached skill level 5 in Dodging
  4487 | D:4      | Reached XP level 6. HP: 11/39 MP: 8/8
  4487 | D:4      | Reached XP level 7. HP: 12/44 MP: 9/9
  4970 | D:4      | Noticed an ogre
  4976 | D:4      | Reached skill level 5 in Maces & Flails
  4995 | D:4      | Killed an ogre
  5193 | D:4      | Noticed Edmund
  5220 | D:4      | Killed Edmund
  5220 | D:4      | Reached skill level 5 in Fighting
  5220 | D:4      | Reached skill level 1 in Shields
  5220 | D:4      | Reached XP level 8. HP: 22/49 MP: 10/10
  5428 | D:5      | Entered Level 5 of the Dungeon
  5508 | D:5      | Found Sechocat's Book Shop.
  6102 | D:4      | Reached skill level 6 in Dodging
  7568 | D:5      | Killed Simboubou's ghost
  7613 | D:5      | Reached XP level 9. HP: 31/55 MP: 11/11
  8174 | D:4      | Reached skill level 7 in Maces & Flails
  8684 | D:5      | Found a deep blue altar of Sif Muna.
  8901 | D:5      | Bought a book of Conjurations for 300 gold pieces
  8904 | D:5      | Learned a level 2 spell: Searing Ray
  9272 | D:6      | Reached skill level 1 in Conjurations
 10035 | D:6      | Found a sparkling altar of Nemelex Xobeh.
 10760 | D:6      | Reached skill level 5 in Shields
 11169 | D:7      | Reached skill level 8 in Maces & Flails
 11286 | D:7      | Found a stormy altar of Qazlal.
 11451 | D:7      | Reached skill level 5 in Conjurations
 11587 | D:7      | Reached XP level 10. HP: 52/60 MP: 12/12
 11756 | D:6      | Found a staircase to the Ecumenical Temple.
 11761 | Temple   | Entered the Ecumenical Temple
 11768 | Temple   | Became a worshipper of Cheibriados the Contemplative
 11816 | D:7      | Noticed krfreak's ghost (novice TrMo)
 12580 | D:8      | Found an iron altar of Okawaru.
 12992 | D:8      | Reached * piety under Cheibriados
 12996 | D:8      | HP: 2/90 [orc warrior/halberd (5)]
 13005 | D:8      | HP: 2/90 [orc/hand axe (1)]
 13556 | D:8      | Found Pyruh Xasov's Antique Weapon Shop.
 13637 | D:8      | Reached skill level 9 in Maces & Flails
 13953 | D:8      | Reached ** piety under Cheibriados
 14296 | D:8      | Bought a runed morningstar for 88 gold pieces
 14468 | D:9      | Found a blossoming altar of Fedhas.
 14856 | D:9      | Found a staircase to the Orcish Mines.
 15360 | D:9      | HP: 4/90 [yak (5)]
 15361 | D:9      | Reached XP level 11. HP: 4/64 MP: 3/18
 15369 | D:9      | Reached *** piety under Cheibriados
 16076 | D:9      | Reached skill level 10 in Maces & Flails
 16263 | D:10     | Entered Level 10 of the Dungeon
 16287 | D:10     | Reached **** piety under Cheibriados
 16785 | D:10     | Reached skill level 1 in Invocations
 16955 | D:10     | Learned a level 4 spell: Fulminant Prism
 16988 | D:10     | Noticed a hill giant
 17003 | D:10     | Reached skill level 5 in Spellcasting
 17170 | D:10     | Noticed a hill giant
 17188 | D:10     | Killed a hill giant
 17272 | D:10     | Slain by a hill giant

Action                   |  1- 3 |  4- 6 |  7- 9 | 10-12 || total
-------------------------+-------+-------+-------+-------++-------
Melee: Whip              |   131 |    67 |   537 |   234 ||   969
       Unarmed           |     8 |       |     6 |       ||    14
       Mace              |       |   117 |       |       ||   117
       Flail             |       |       |    73 |     2 ||    75
       Morningstar       |       |       |       |   119 ||   119
Throw: Throwing net      |       |     4 |       |       ||     4
       Javelin           |       |     3 |    21 |     7 ||    31
       Tomahawk          |       |     2 |       |     2 ||     4
 Cast: Corona            |       |     1 |       |       ||     1
       Searing Ray       |       |       |     4 |    72 ||    76
       Fulminant Prism   |       |       |       |     3 ||     3
 Abil: Fly               |       |     3 |     9 |     1 ||    13
  Use: Potion            |       |     2 |     7 |     5 ||    14
       Scroll            |       |     1 |     8 |     6 ||    15
 Stab: Sleeping          |     3 |       |       |     1 ||     4
       Invisible         |       |       |       |     9 ||     9
  Eat: Chunk             |     4 |     6 |    20 |    14 ||    44
       Bread ration      |       |     1 |       |       ||     1
       Royal jelly       |       |       |     1 |       ||     1
